 Dungeon Crawl Stone Soup version 0.31-a0-263-ge8cad7f256 (webtiles) character file.

Game seed: 18098089475990188272

665 qw the Shooter (level 7, -4/61 HPs)
             Began as a Minotaur Hexslinger on July 13, 2023.
             Was an Initiate of Okawaru.
             Slain by a yak (15 damage)
             ... on level 5 of the Dungeon.
             The game lasted 00:01:52 (4773 turns).

qw the Shooter (Minotaur Hexslinger)                Turns: 4773, Time: 00:01:53

Health: -4/61      AC:  6    Str: 13    XL:     7   Next: 31%
Magic:  7/7        EV: 11    Int: 10    God:    Okawaru [......]
Gold:   377        SH:  0    Dex: 14    Spells: 7/8 levels left

rFire   . . .        b - +2 sling (heavy)
rCold   . . .        (no shield)
rNeg    . . .        a - +0 ring mail
rPois   .            (helmet restricted)
rElec   .            (no cloak)
rCorr   .            (no gloves)
SInv    .            f - +0 pair of boots
Will    .....        (no amulet)
Stlth   +            (no ring)
HPRegen 0.30/turn    (no ring)
MPRegen 0.10/turn

%: no passive effects
@: about to teleport
A: horns 2, retaliatory headbutt
a: Renounce Religion


You were on level 5 of the Dungeon.
You worshipped Okawaru.
Okawaru was noncommittal.
You visited 2 branches of the dungeon, and saw 6 of its levels.
You also visited: Sewer.

You collected 377 gold pieces.


Innate Abilities, Weirdness & Mutations

You have a pair of horns on your head.
You reflexively headbutt those who attack you in melee.


   Skills:
 - Level 5.0 Fighting
 + Level 7.7 Ranged Weapons
 - Level 1.0 Armour
 - Level 2.1 Dodging
 - Level 1.0 Spellcasting
 - Level 2.0 Hexes


You had 7 spell levels left.
You knew the following spells:

 Your Spells              Type           Power      Damage    Failure   Level
a - Slow                  Hex            16%        N/A       32%         1

Your spell library contained the following spells:

 Spells                   Type           Power      Damage    Failure   Level
 Inner Flame              Hex/Fire       2%         N/A       82%         3
 Portal Projectile        Hex/Tloc       4%         N/A       82%         3
 Cause Fear               Hex            2%         N/A       97%         4

Inventory:

Hand Weapons
 b - a +2 heavy sling (weapon)
Armour
 a - a +0 ring mail (worn)
 f - a +0 pair of boots (worn)
Jewellery
 e - a ring of flight
Scrolls
 l - a scroll of identify
Potions
 c - 2 potions of haste
 d - 4 potions of enlightenment
 g - a potion of invisibility {unknown}
 i - a potion of lignification {unknown}
 k - a potion of degeneration {unknown}
 m - a potion of curing

Dungeon Overview and Level Annotations

Branches:
Dungeon (5/15)             Temple (1/1) D:4           Sewer (visited)

Altars:
Ashenzari
Cheibriados
Dithmenos
Elyvilon
Fedhas
Gozag
Hepliaklqana
Kikubaaqudgha
Makhleb
Nemelex Xobeh
Okawaru
Qazlal
Ru
Trog
Uskayaw
Vehumet
Wu Jian
Xom
Yredelemnul
Zin
The Shining One

Shops:
D:3 (

Annotations:
D:3 1 runed translucent door, Crazy Yiuf
D:4 1 runed translucent door, qw's ghost, amateur GrHs


Message History

Enter note:
Enter note:
Found a stone staircase leading down.
Enter note:
Enter note:
Enter note: 2 yaks come into view.
The yak bellows! x2
A yak comes into view.
The yak moves out of view.
Enter note:
Enter note:
Enter note: You shoot a sling bullet.
The sling bullet hits the yak.
The yak is lightly wounded.
You shoot a sling bullet. The sling bullet hits the yak!
The yak is lightly wounded.
You shoot a sling bullet.
The sling bullet hits the yak but does no damage.
The yak is lightly wounded.
You shoot a sling bullet. The sling bullet barely misses the yak.
The yak gores you!
You shoot a sling bullet. The sling bullet barely misses the yak.
The sling bullet hits the yak.
The yak is lightly wounded.
The yak closely misses you. You furiously retaliate!
You headbutt the yak. You shoot a sling bullet. The sling bullet hits the yak.
The yak is lightly wounded.
The yak gores you. The yak gores you! x2
You shoot a sling bullet. The sling bullet barely misses the yak.
The yak completely misses you. The yak closely misses you.
You furiously retaliate!
You headbutt the yak! You shoot a sling bullet. The sling bullet hits the yak!
The yak is heavily wounded.
The yak gores you! The yak gores you.
The yak gores you but does no damage. x2
4773 ||| READING scroll of teleportation.
As you read the scroll of teleportation, it crumbles to dust.
You feel strangely unstable. The yak gores you!
You die...

....).........## ##(..
..######.#####.###.###
#.######.#.## ##
#.........## #..
########### ..## .Y##
. # #Y######## . #.
#Y@.....>. .
#.##.###.######## .
#.# #...## . #.# ##.##
. #.# #.# . #.# #.# .
#.# #.# . #.# #.#
#.####.#


You could see 3 yaks.

Vanquished Creatures
  An ogre (D:4)
  A phantom (D:3)
  2 scorpions
  An iguana (D:5)
  2 orc wizards (D:4)
  A sickly merfolk siren (Sewer)
  A malarious merfolk avatar (Sewer)
  Robin (D:4)
  A gnoll (D:1)
  5 adders
  3 river rats (Sewer)
  A shadow imp (D:5)
  An ufetubus (D:5)
  5 worms
  2 dart slugs
  14 orcs
  7 endoplasms
  5 giant cockroaches
  19 goblins
  8 hobgoblins
  8 kobolds
  8 quokkas
  13 ball pythons
  7 bats
  8 frilled lizards
  20 rats
145 creatures vanquished.

Notes
Turn   | Place    | Note
-------+----------+-------------------------------------------
     0 | D:1      | qw the Minotaur Hexslinger began the quest for the Orb.
     0 | D:1      | Reached XP level 1. HP: 16/16 MP: 1/1
     0 | D:1      | 0 ||| qw: Version: 0.3-a-52-g30416fa
     0 | D:1      | 0 ||| qw: Game counter: 7193
     0 | D:1      | 0 ||| qw: Melee chars always use a shield: true
     0 | D:1      | 0 ||| qw: God list: Okawaru
     0 | D:1      | 0 ||| qw: Allow faded altars: false
     0 | D:1      | 0 ||| qw: Do Orc after clearing Dungeon:15 true
     0 | D:1      | 0 ||| qw: Do second Lair branch before Depths: true
     0 | D:1      | 0 ||| qw: Lair rune preference: random
     0 | D:1      | 0 ||| qw: Goals: Normal
     0 | D:1      | 0 ||| PLANNING D:1-11
   121 | D:1      | Reached skill level 3 in Ranged Weapons
   143 | D:1      | Reached XP level 2. HP: 23/23 MP: 2/2
   446 | D:1      | Reached XP level 3. HP: 30/30 MP: 3/3
   796 | D:1      | 796 ||| UPGRADING to +0 leather armour.
   806 | D:1      | 806 ||| DROPPING +0 robe.
   807 | D:1      | 807 ||| READING scroll labelled VUTUFY OLAROMI.
   812 | D:1      | 812 ||| DRINKING 2 emerald potions.
   813 | D:1      | 813 ||| DROPPING scroll of poison.
   831 | D:2      | 831 ||| STAIRDANCE
   974 | D:2      | Found a hazy altar of Hepliaklqana.
  1139 | D:2      | Reached skill level 4 in Ranged Weapons
  1217 | D:2      | Reached XP level 4. HP: 37/37 MP: 4/4
  1651 | D:2      | 1651 ||| UPGRADING to +0 ring mail.
  1661 | D:2      | 1661 ||| DROPPING +0 leather armour.
  1662 | D:2      | 1662 ||| UPGRADING to +0 pair of boots.
  1667 | D:2      | 1667 ||| READING scroll labelled AMOIDIOMUC.
  1731 | D:2      | 1731 ||| READING scroll labelled COREW PEIKIOLO.
  1732 | D:2      | 1732 ||| READING scroll labelled TAIMIR QOINUO.
  1733 | D:2      | 1733 ||| READING scroll labelled RIZUVULOLO.
  1734 | D:2      | 1734 ||| READING scroll labelled MOHIBRYLIX.
  1752 | D:3      | 1752 ||| PLANNING SEWER
  1780 | D:3      | Found Guom Kecyu's Weapon Emporium.
  1872 | D:3      | Reached skill level 1 in Armour
  1929 | D:3      | Found a glowing drain.
  1930 | D:3      | 1930 ||| READING scroll labelled QERRAL EHEZ.
  1940 | Sewer    | Entered a sewer
  2022 | Sewer    | Reached skill level 5 in Ranged Weapons
  2030 | Sewer    | Reached skill level 3 in Fighting
  2030 | Sewer    | Reached XP level 5. HP: 45/45 MP: 5/5
  2090 | Sewer    | 2090 ||| Stepping ~*~*~tactically~*~*~ (water).
  2122 | Sewer    | HP: 7/45 [river rat (8)]
  2123 | Sewer    | 2123 ||| READING 2 scrolls of teleportation.
  2124 | Sewer    | 2124 ||| DRINKING 3 potions of heal wounds.
  2416 | D:3      | 2416 ||| PLANNING D:1-11
  2467 | D:3      | Found a runed translucent door.
  2468 | D:3      | Noticed Crazy Yiuf
  2535 | D:3      | Noticed a phantom
  2541 | D:3      | Killed a phantom
  2542 | D:3      | Reached skill level 6 in Ranged Weapons
  2542 | D:3      | Reached XP level 6. HP: 46/51 MP: 6/6
  2764 | D:3      | 2764 ||| Stepping ~*~*~tactically~*~*~ (outnumbered).
  3025 | D:3      | 3025 ||| DRINKING 2 fuming grey potions.
  3026 | D:3      | 3026 ||| READING 2 scrolls of identify.
  3026 | D:3      | 3026 ||| IDENTIFYING golden potion
  3061 | D:4      | Found a runed translucent door.
  3063 | D:4      | Noticed qw's ghost (amateur GrHs)
  3121 | D:4      | HP: 8/52 [ogre/+0 giant club (17)]
  3122 | D:4      | 3122 ||| READING 3 scrolls of teleportation.
  3123 | D:4      | 3123 ||| DRINKING 2 potions of heal wounds.
  3124 | D:4      | HP: 2/52 [ogre/+0 giant club (27)]
  3125 | D:4      | 3125 ||| DRINKING potion of heal wounds.
  3404 | D:4      | 3404 ||| FLEEEEING.
  3415 | D:4      | Noticed Robin
  3416 | D:4      | 3416 ||| Stepping ~*~*~tactically~*~*~ (outnumbered).
  3419 | D:4      | 3419 ||| FLEEEEING.
  3420 | D:4      | 3420 ||| FLEEEEING.
  3421 | D:4      | 3421 ||| FLEEEEING.
  3422 | D:4      | 3422 ||| FLEEEEING.
  3423 | D:4      | 3423 ||| FLEEEEING.
  3424 | D:4      | 3424 ||| FLEEEEING.
  3425 | D:4      | 3425 ||| FLEEEEING.
  3426 | D:4      | 3426 ||| FLEEEEING.
  3427 | D:4      | 3427 ||| FLEEEEING.
  3568 | D:4      | Reached XP level 7. HP: 61/61 MP: 7/7
  3597 | D:4      | Found a staircase to the Ecumenical Temple.
  3598 | D:4      | 3598 ||| PLANNING TEMPLE
  3598 | D:4      | 3598 ||| READING scroll labelled GISUYV FES.
  3599 | D:4      | 3599 ||| DRINKING 2 lumpy puce potions.
  3600 | D:4      | 3600 ||| READING 2 scrolls of identify.
  3600 | D:4      | 3600 ||| IDENTIFYING murky cyan potion
  3601 | D:4      | 3601 ||| DROPPING potion of berserk rage.
  3602 | D:4      | 3602 ||| DROPPING potion of attraction.
  3611 | D:4      | Killed Robin
  3612 | D:4      | Reached skill level 7 in Ranged Weapons
  3620 | Temple   | Entered the Ecumenical Temple
  3621 | Temple   | 3621 ||| PLANNING OKAWARU WORSHIP
  4058 | Temple   | Became a worshipper of Warmaster Okawaru
  4059 | Temple   | 4059 ||| PLANNING D:1-11
  4404 | D:5      | Entered Level 5 of the Dungeon
  4604 | D:5      | HP: 13/61 [centaur/arrow (12)]
  4605 | D:5      | 4605 ||| READING 2 scrolls of teleportation.
  4606 | D:5      | 4606 ||| DRINKING potion of heal wounds.
  4764 | D:5      | Noticed a yak
  4764 | D:5      | Noticed a yak
  4764 | D:5      | Noticed a yak
  4772 | D:5      | HP: 12/61 [yak (12)]
  4773 | D:5      | 4773 ||| READING scroll of teleportation.
  4773 | D:5      | Slain by a yak

Levels and vault maps discovered:
D:1:      amcnicky_arrival_feature_with_door, layout_basic
D:2:      layout_loops_ring, basic_altar, mrwooster_statue_mirror, st_stairs_11,
          kennysheep_flooded_box
D:3:      layout_loops_ring, cheibrodos_sewer_entry_sluice, serial_shops,
          nicolae_shop_just_a_little_nook, minmay_randomly_rotated_circles,
          uniq_crazy_yiuf_cottage
D:4:      layout_basic, temple_pool_b, ebering_ghost_reflecting_pool,
          kennysheep_nondescript, kennysheep_boxes, uniq_robin
D:5:      layout_loops_ring
Temple:   compressed_dpeg_triangle_lava_temple

Skill      XL: |  1  2  3  4  5  6  7 |
---------------+----------------------+-----
Ranged Weapons | 3 4 5 6 7 |  7.7
Fighting       | 2 3 5 |  5.0
Armour         | 1 |  1.0
Dodging        | |  2.1
Spellcasting   | |  1.0
Hexes          | |  2.0

Action                     |  1- 3 |  4- 6 |  7- 9 || total
---------------------------+-------+-------+-------++-------
   Fire: Sling             |   126 |   215 |    47 ||   388
    Use: Scroll            |     1 |     9 |     4 ||    14
         Potion            |     1 |     4 |     2 ||     7
 Armour: Robe              |     3 |       |       ||     3
         Leather armour    |     7 |     6 |       ||    13
         Ring mail         |       |    59 |    13 ||    72
  Dodge: Dodged            |    30 |    92 |    33 ||   155

Table legend:
 A = Non-vault XP
 B = Vault XP
 C = Vault XP percentage of total XP
 D = Non-vault monster count
 E = Vault monster count
 F = Vault count percentage of total count
                 A         B        C        D         E       F
            +---------+---------+-------+---------+---------+-------
      Total |     726 |     224 |  23.6 |      84 |      61 |  42.1
            +---------+---------+-------+---------+---------+-------
        D:1 |      58 |       0 |   0.0 |      25 |       0 |   0.0
        D:2 |      47 |      17 |  26.6 |      17 |       4 |  19.0
        D:3 |     127 |      32 |  20.1 |      13 |       8 |  38.1
        D:4 |     350 |      36 |   9.3 |      24 |      13 |  35.1
        D:5 |     144 |       0 |   0.0 |       5 |       0 |   0.0
      Sewer |       0 |     139 | 100.0 |       0 |      36 | 100.0
            +---------+---------+-------+---------+---------+-------
